 Dungeon Crawl Stone Soup version 0.18.1-48-g4cf74bf (webtiles) character file.

65 Joat the Sneak (level 3, -5/18 HPs)
             Began as a Spriggan Warper on July 27, 2016.
             Was an Initiate of Gozag.
             Killed from afar by an orc wizard (6 damage)
             ... with a magic dart
             ... on level 3 of the Dungeon.
             The game lasted 00:24:35 (2227 turns).

Joat the Sneak (Spriggan Warper)                    Turns: 2227, Time: 00:24:36

Health: -5/18      AC:  8    Str:  7    XL:     3   Next: 94%
Magic:  8/8        EV: 20    Int: 14    God:    Gozag
Gold:   238        SH:  0    Dex: 16    Spells: 2 memorised, 4 levels left

rFire  . . .     SeeInvis +     s - +1 trident (protect)
rCold  . . .     Gourm    .     b - +0 robe
rNeg   . . .     Faith    .     (shield currently unavailable)
rPois  .         Spirit   .     (helmet restricted)
rElec  .         Dismiss  .     r - +0 cloak
rCorr  .         Reflect  .     (gloves unavailable)
SustAt .         Harm     .     (boots unavailable)
MR     .....                    (no amulet)
Stlth  +++.......               (no ring)
                                (no ring)

@: lethally poisoned (-5 -> -9), very quick, not resistant to hostile
enchantments, fairly stealthy
A: unfitting armour, see invisible, herbivore 3, speed 3, slow metabolism 2
a: Potion Petition, Call Merchant, Bribe Branch, Renounce Religion


You were on level 3 of the Dungeon.
You worshipped Gozag.
Gozag was noncommittal.
You were not hungry.

You visited 1 branch of the dungeon, and saw 3 of its levels.

You collected 265 gold pieces.
You paid 27 gold pieces to Gozag.

Inventory:

Hand Weapons
 a - a +0 short sword
 i - a +0 dagger of draining
 s - a +1 trident of protection (weapon)
Missiles
 e - 5 tomahawks of dispersal (quivered)
 q - 2 poisoned needles
Armour
 b - a +0 robe (worn)
 r - a +0 cloak (worn)
 t - a +0 cloak
Scrolls
 d - a scroll of blinking
 j - 3 scrolls of identify {unknown}
 l - 3 scrolls of teleportation {unknown}
 m - 2 scrolls of enchant weapon {unknown}
 p - 2 scrolls of remove curse {unknown}
Potions
 g - a potion of curing {unknown}
 h - a potion of cure mutation {unknown}
 k - a potion of flight {unknown}
 o - a potion of lignification {unknown}
Books
 c - a book of Spatial Translocations

   Spells                             Type                      Level
   a - Apportation                    Translocation                1
   b - Blink                          Translocation                2
   c - Shroud of Golubria             Charms/Translocation         2
   d - Portal Projectile              Translocation                3
   e - Teleport Other                 Translocation                3
   f - Passage of Golubria            Translocation                4
 n - a Young Poisoner's Handbook

   Spells                             Type                      Level
   a - Sting                          Conjuration/Poison           1
   b - Cure Poison                    Poison                       2
   c - Mephitic Cloud                 Conjuration/Poison/Air       3
   d - Olgreb's Toxic Radiance        Poison                       4
   e - Venom Bolt                     Conjuration/Poison           5
Comestibles
 f - 3 bread rations


   Skills:
 - Level 1.5 Fighting
 - Level 2.1 Short Blades
 - Level 1.0 Throwing
 + Level 4.6 Dodging
 * Level 4.7 Stealth
 - Level 2.6 Spellcasting
 - Level 4.4 Translocations


You had 4 spell levels left.
You knew the following spells:

 Your Spells              Type           Power        Failure   Level  Hunger
a - Apportation           Tloc           ##........   3%          1    #......
b - Blink                 Tloc           N/A          6%          2    ###....


Dungeon Overview and Level Annotations

Branches:
Dungeon (3/15)

Altars:
Fedhas
Gozag
Makhleb
Vehumet
Yredelemnul


Innate Abilities, Weirdness & Mutations

You are tiny and cannot use many weapons and most armour.
You have supernaturally acute eyesight.
You are a herbivore.
You cover ground extremely quickly.
You need consume almost no food.


Message History

You feel sick. The orc wizard casts a spell at you. The magic dart hits you!
* * * LOW HITPOINT WARNING * * *
The orc wizard closely misses you.
Casting: Apportation
Confirm with . or Enter, or press ? or * to list all spells.
Okay, then.
Items here: ))) [ a hand axe; a dagger; a mace; a glowing plate armour
Things that are here:
a club; a hand axe; a scale mail
* * * LOW HITPOINT WARNING * * *
You feel sick.
Things that are here:
a short sword; a whip The orc wizard points at you and mumbles some strange words.
The magic dart hits you!
You die...
Your body crumbles into a pile of gold.

.#.#.# #.###.#.# #.#
#.## .#...# #.##....#
#.# #.#. .#...#
#.##..### #.# #...
.#.#.########<##..#
#.# #.#.
.#..........>...).#
#.# #.#.
.#..#########.##.##
#.#### #.#. ##..#
#..##.# #....# #.#.
....# #.###.# ####.#
#.#. ##.## #.# #@# #.#
#.#. ...# #.# #.# #.#
#... ..## #.# #.#
##.###.## #..# #.#
#.########........
##.# #.#
#)##.........##.## #.#
#.# #o##.........##.##
#.# #.#
#)##.........##... #.#
#.###[##............##
#.#
#K#...................


You could see an orc wizard.

Vanquished Creatures
  An adder (D:2)
  An ooze (D:2)
  A worm (D:3)
  A giant gecko (D:2)
  8 orcs (D:3)
  A bat (D:2)
  2 bat zombies (D:1)
  A giant cockroach (D:1)
  6 hobgoblins
  2 jackals (D:3)
  4 goblins
  4 kobolds
  5 rats
37 creatures vanquished.

Notes
Turn   | Place    | Note
--------------------------------------------------------------
     0 | D:1      | Joat the Spriggan Warper began the quest for the Orb.
     0 | D:1      | Reached XP level 1. HP: 10/10 MP: 5/5
    36 | D:1      | Reached skill level 1 in Stealth
   119 | D:1      | Reached XP level 2. HP: 14/14 MP: 6/6
   123 | D:1      | Learned a level 2 spell: Blink
   335 | D:1      | You fall through a shaft!
   462 | D:2      | Found an opulent altar of Gozag.
   471 | D:2      | Became a worshipper of Gozag Ym Sagoz the Greedy
   628 | D:2      | Reached XP level 3. HP: 15/18 MP: 8/8
   769 | D:2      | Found a faded altar to an unknown god.
   910 | D:2      | Found a burning altar of Makhleb.
   936 | D:2      | Found a blossoming altar of Fedhas.
  1029 | D:2      | Found a radiant altar of Vehumet.
  1791 | D:3      | Found a basalt altar of Yredelemnul.
  2227 | D:3      | Killed from afar by an orc wizard

Skill      XL: |  1  2  3 |
---------------+----------+-----
Stealth        | 2 3 4 |  4.7
Dodging        | 4 |  4.6
Fighting       | |  1.5
Short Blades   | |  2.1
Throwing       | |  1.0
Spellcasting   | |  2.6
Translocations | |  4.4

Action                   || total
-------------------------++-------
Melee: Dagger            ||    84
       Short sword       ||     5
       Trident           ||    67
 Cast: Blink             ||     9
Invok: Potion Petition   ||     1
 Stab: Sleeping          ||     6
       Distracted        ||     1
Armor: Robe              ||    20
Dodge: Dodged            ||   105
